 Dungeon Crawl Stone Soup version 0.21-a0-444-g29a2fec (webtiles) character file.

23 slep the Slasher (level 2, 0/24 HPs)
             Began as a Demonspawn Monk on Nov 18, 2017.
             Slain by an adder (2 damage)
             ... on level 2 of the Dungeon.
             The game lasted 00:02:47 (756 turns).

slep the Slasher (Demonspawn Monk)                   Turns: 756, Time: 00:02:47

Health: 0/24       AC:  8    Str: 11    XL:     2   Next: 72%
Magic:  2/2        EV: 11    Int: 11    God:
Gold:   114        SH:  0    Dex: 15    Spells: 1/1 levels left

rFire    . . .     SeeInvis .   a - +0 falchion
rCold    . . .     Gourm    .   (no shield)
rNeg     . . .     Faith    .   f - +0 ring mail
rPois    .         Spirit   .   h - +0 helmet
rElec    .         Reflect  .   (no cloak)
rCorr    .         Harm     .   (no gloves)
MR       .....                  d - +1 pair of boots
Stlth    +.........             (no amulet)
HPRegen  0.08/turn              (no ring)
MPRegen  0.08/turn              (no ring)

@: no status effects
A: hooves 1
a: no special abilities


You were on level 2 of the Dungeon.
You were not hungry.

You visited 1 branch of the dungeon, and saw 2 of its levels.

You collected 114 gold pieces.

Inventory:

Hand Weapons
 a - a +0 falchion (weapon)
Missiles
 j - 3 silver javelins (quivered)
Armour
 b - a +0 robe
 d - a +1 pair of boots (worn)
 f - a +0 ring mail (worn)
 h - a +0 helmet (worn)
Scrolls
 e - 4 scrolls of teleportation {unknown}
 i - a scroll of remove curse {unknown}
 m - a scroll of identify {unknown}
Potions
 g - 3 potions of curing
 k - a potion of haste {unknown}
Comestibles
 c - 2 bread rations
 l - a meat ration


   Skills:
 + Level 3.2 Fighting
 + Level 3.2 Long Blades
 + Level 0.1 Armour
 + Level 2.8 Dodging
 + Level 2.0 Stealth


You had one spell level left.
You didn't know any spells.

Dungeon Overview and Level Annotations

Branches:
Dungeon (2/15)

Altars:
Nemelex Xobeh

Annotations:
D:2 Terence


Innate Abilities, Weirdness & Mutations

You have large cloven feet.


Message History

You hit Terence but do no damage.
Terence is moderately wounded.
Terence barely misses you.
You hit Terence.
Terence is heavily wounded.
Terence asks, "Do you want it fast or slow?"
Terence misses you.
You riposte.
You closely miss Terence.
Terence is heavily wounded.
You barely miss Terence.
Terence is heavily wounded.
Terence barely misses you.
You hit Terence.
Terence is heavily wounded.
Terence hits you with a trident.
* * * LOW HITPOINT WARNING * * *
The adder closely misses you.
You barely miss Terence.
Terence is heavily wounded.
The adder bites you.
You die...

#. ######.#####
#.........?#
#..........#
##..........#
.....%(.....#
#.>...S@...#
#......@...#
#......?...#
#.[........#
#.......><.#
######.#####
###############.#
................#
######...#.....##
#..............#


You could see Terence and an adder.

Vanquished Creatures
  A worm (D:2)
  2 leopard geckos (D:1)
  3 bats (D:1)
  A giant cockroach (D:1)
  2 goblins (D:1)
  A hobgoblin (D:1)
  2 frilled lizards (D:1)
  3 kobolds (D:1)
  5 rats (D:1)
20 creatures vanquished.

Notes
Turn   | Place    | Note
-------+----------+-------------------------------------------
     0 | D:1      | slep the Demonspawn Monk began the quest for the Orb.
     0 | D:1      | Reached XP level 1. HP: 18/18 MP: 1/1
   156 | D:1      | Gained mutation: You have large cloven feet. [demonic ancestry]
   156 | D:1      | Reached XP level 2. HP: 24/24 MP: 2/2
   294 | D:1      | Found a sparkling altar of Nemelex Xobeh.
   742 | D:2      | Noticed Terence
   756 | D:2      | Slain by an adder

Vault maps used:
D:1:      evilmike_arrival_crescent, nemelex_diamond_rough_becter
D:2:      kennysheep_six_static_rooms, first_bread, uniq_terence, uniq_sigmund

Skill      XL: |  1  2 |
---------------+-------+-----
Long Blades    | 3 |  3.2
Stealth        | 2 |  2.0
Fighting       | |  3.2
Armour         | |  0.1
Dodging        | |  2.8

Action                   || total
-------------------------++-------
Melee: Falchion          ||    79
 Stab: Sleeping          ||     1
Armor: Robe              ||     3
       Ring mail         ||    15
Dodge: Dodged            ||    50
       Rpst.: Falchion   ||     7

Table legend:
 A = Spawn XP
 B = Non-spawn XP
 C = Spawn XP percentage of total XP
 D = Spawn monster count
 E = Non-spawn monster count
 F = Spawn count percentage of total count
 G = Total turns spent on level
                    A         B        C        D         E        F      G
               +---------+---------+-------+---------+---------+-------+---------
         Total |       0 |      33 |   0.0 |       0 |      20 |   0.0 |   756
               +---------+---------+-------+---------+---------+-------+---------
           D:1 |       0 |      28 |   0.0 |       0 |      19 |   0.0 |   644
           D:2 |       0 |       5 |   0.0 |       0 |       1 |   0.0 |   112
               +---------+---------+-------+---------+---------+-------+---------
